AoeStats
← Radu029

Arabian Desert

508676356Analyzed
1v1 RM · 9d ago on Sep 23, 2026· 64m 54s· 2 players
Game mode
Random Map
Map size
Tiny (2 player)
Population
200
Speed
Normal
Resources
Standard
Victory
Conquest
Starting age
Dark Age
Ending age
Imperial Age
RankedLock teamsTeams togetherTeam positionsShared explorationLock speedFull tech treeHidden civsTurbo modeCheats
Victory
Defeat
🇷🇴 Chinese · Romania
116
+18
🇩🇪 Teutons · Germany
164
-18
Radu029
1:45 Loom
14:50 Feudal Age
15:15 Double-Bit Axe
16:34 Wheelbarrow
16:34 Horse Collar
20:21 Gold Mining
20:52 Stone Mining
26:03 Castle Age
30:38 Fletching
30:49 Padded Archer Armor
34:43 Leather Archer Armor
34:23 Bodkin Arrow
34:56 Ballistics
41:03 Imperial Age
38:50 Hand Cart
44:38 Elite Chu Ko Nu
45:53 Ring Archer Armor
45:24 Bracer
46:36 Chemistry
45:55 Forging
45:50 Heavy Plow
46:05 Bow Saw
46:46 Stone Shaft Mining
46:46 Gold Shaft Mining
[Tp:B] Pepe | Picus
12:30 Feudal Age
28:49 Castle Age
27:42 Town Watch
28:33 Wheelbarrow
33:14 Town Patrol
33:29 Hand Cart
38:00 Horse Collar
39:23 Arson
39:39 Squires
39:25 Gambesons
39:00 Man-at-Arms
43:24 Ironclad
47:14 Masonry
47:14 Fortified Wall
46:55 Guard Tower
46:56 Heated Shot
47:26 Ballistics
47:12 Siphons
47:19 Gold Mining
47:20 Stone Mining
47:19 Double-Bit Axe
50:52 Imperial Age
49:53 Crossbowman
49:53 Elite Skirmisher
54:14 Elite Teutonic Knight
57:05 Heavy Mounted Crossbowman
Connection lost

Rejoining the realm…

Still unreachable

The connection could not be restored.

Session expired

The server has moved on; the page needs a fresh start.